 Dungeon Crawl Stone Soup version 0.17-a0-870-gcb215c1 (webtiles) character file.

1881 namelastname112 the Quickloader (level 8, -6/70 HPs)
             Began as a Mottled Draconian Hunter on Apr 29, 2015.
             Was a Follower of Okawaru.
             Mangled by Joseph
             ... wielding a +6 quarterstaff of crushing
              (12 damage)
             ... on level 7 of the Dungeon.
             The game lasted 00:13:05 (6703 turns).

namelastname112 the Quickloader (DrHu)              Turns: 6703, Time: 00:13:06

Health: -6/70      AC: 10    Str: 19    XL:     8   Next: 91%
Magic:  7/7        EV: 17    Int: 12    God:    Okawaru [*.....]
Gold:   301        SH:  0    Dex: 12    Spells: 0 memorised, 7 levels left

rFire  . . .     SeeInvis .     H - +4 quarterstaff (chaos)
rCold  . . .     Clarity  .     (armour unavailable)
rNeg   . . .     SustAb   .     (no shield)
rPois  .         Gourm    .     (helmet restricted)
rElec  .         Spirit   .     q - +2 cloak
rCorr  .         Warding  .     (no gloves)
rMut   .         Stasis   .     r - +0 pair of boots
MR     +....                    (no amulet)
Stlth  +.........               y - +3 ring of evasion
                                C - ring of protection from magic

@: mighty, short of breath, somewhat resistant to hostile enchantments, very
unstealthy
A: breathe sticky flame splash, unfitting armour, clumsy 1, low mp 1,
cold-blooded, AC +6
a: Breathe Sticky Flame, Heroism, Renounce Religion


You were on level 7 of the Dungeon.
You worshipped Okawaru.
Okawaru was aware of your devotion.
You were very hungry.

You visited 2 branches of the dungeon, and saw 8 of its levels.

You collected 301 gold pieces.

Inventory:

Hand weapons
 a - the +3 rapier of Jephelec {freeze, rElec}
   (You found it on level 4 of the Dungeon)

   It has been specially enchanted to freeze those struck by it, causing extra
   injury to most foes and up to half again as much damage against particularly
   susceptible opponents.
   It can also slow down cold-blooded creatures.
   It insulates you from electricity.
 b - a +1 hand crossbow
 H - a +4 quarterstaff of chaos (weapon)
Missiles
 c - 20 bolts
Armour
 q - a +2 cloak (worn)
 r - a +0 pair of boots (worn)
Jewellery
 g - an uncursed ring of stealth
 y - a +3 ring of evasion (right hand)
 C - a ring of protection from magic (left hand)
 G - an uncursed ring of wizardry {unknown}
Magical devices
 w - a wand of confusion (17)
Scrolls
 e - 6 scrolls of remove curse {unknown}
 h - 4 scrolls of noise {unknown}
 j - 4 scrolls of teleportation {unknown}
 k - 3 scrolls of identify {unknown}
 l - 2 scrolls of recharging {unknown}
 m - 2 scrolls of amnesia {unknown}
 n - a scroll of vulnerability {unknown}
 o - a scroll of magic mapping {unknown}
 p - a scroll of enchant weapon {unknown}
 u - a scroll of blinking {unknown}
 v - a scroll of enchant armour {unknown}
Potions
 s - 2 potions of poison
 t - a potion of mutation {unknown}
 x - 3 potions of brilliance {unknown}
 B - a potion of haste
 F - a potion of beneficial mutation {unknown}
Books
 z - a book of Clouds

   Spells                             Type                      Level
   a - Mephitic Cloud                 Conjuration/Poison/Air       3
   b - Conjure Flame                  Conjuration/Fire             3
   c - Poisonous Cloud                Conjuration/Poison/Air       6
   d - Freezing Cloud                 Conjuration/Ice/Air          6
   e - Ring of Flames                 Charms/Fire                  7
 A - a book of Conjurations

   Spells                             Type                      Level
   a - Magic Dart                     Conjuration                  1
   b - Searing Ray                    Conjuration                  2
   c - Dazzling Spray                 Conjuration/Hexes            3
   d - Fulminant Prism                Conjuration/Hexes            4
   e - Iskenderun's Mystic Blast      Conjuration                  4
   f - Iskenderun's Battlesphere      Conjuration/Charms           5
Comestibles
 d - 4 bread rations
 i - 3 meat rations


   Skills:
 + Level 6.2 Fighting
 + Level 1.4 Staves
 * Level 8.5 Crossbows
 + Level 5.5 Dodging
 - Level 0.8 Stealth


You had 7 spell levels left.
You didn't know any spells.

Dungeon Overview and Level Annotations

Branches:
Dungeon (7/15)             Temple (1/1) D:4

Altars:
Ashenzari
Cheibriados
Dithmenos
Elyvilon
Fedhas
Gozag
Kikubaaqudgha
Makhleb
Nemelex Xobeh
Okawaru
Qazlal
Ru
Sif Muna
Trog
Vehumet
Xom
Yredelemnul
Zin
The Shining One

Shops:
D:5 (

Annotations:
D:4 namelastname112's ghost, average DrHu
D:5 Viceroy's ghost, experienced HaHu
D:7 Joseph


Innate Abilities, Weirdness & Mutations

You can spit globs of burning liquid.
You can ignite nearby creatures when you spit burning liquid.
Your weird mottled scales are hard (AC +6).
Your body does not fit into most forms of armour.
You are cold-blooded and may be slowed by cold attacks.
You are clumsy. (Dex -2)
Your magical capacity is low (-10% MP).


Message History

The rat is moderately wounded.
The rat is covered in liquid flames!
The sticky flame splashes onto Joseph!
Joseph is covered in liquid flames!
You feel somewhat more hungry.
Joseph burns!
The rat burns!
You kill the rat!
Okawaru accepts your kill.
Joseph hits you with an uncursed quarterstaff of crushing.
* * * LOW HITPOINT WARNING * * *
x2 Drink which item? (? for menu, Esc to quit)
It was a potion of might.
You feel very mighty all of a sudden.
Joseph burns!
Joseph misses you.
You sock Joseph!
Joseph is heavily wounded.
Joseph burns!
Joseph stops burning.
Joseph hits you but does no damage.
You are feeling very hungry.
You barely miss Joseph.
Joseph is severely wounded.
Joseph hits you with an uncursed quarterstaff of crushing!
You die...

#....##...###.(#####
#.....#...# #......#
#.....#...# #...####
#.....#...# #...#
#....##...# #...#
#....#....# #...#
####+#....###(.(#
#.........(...#
#.....@..(...#.....
#...?@†).....#.....
#............#.....
#.................
...........#......
....###...#..... ...
#...#.... ..
#...#### #...#


You could see Joseph.

Vanquished Creatures
  A troll (D:6)
  A hungry ghost (D:7)
  Edmund (D:5)
  A sky beast (D:5)
  A black bear (D:7)
  An ogre (D:7)
  2 centaurs (D:5)
  A giant frog (D:6)
  A big kobold (D:7)
  5 wights (D:6)
  A giant frog zombie (D:5)
  A crimson imp (D:6)
  2 hounds
  A jelly (D:5)
  Crazy Yiuf (D:6)
  A centaur zombie (D:6)
  2 worker ants (D:5)
  A centaur skeleton (D:4)
  2 iguanas (D:5)
  2 orc wizards
  A killer bee zombie (D:6)
  A shadow imp (D:5)
  11 adders
  3 oozes
  An adder zombie (D:5)
  3 worms
  2 giant geckos
  13 orcs
  2 ball pythons
  A bat skeleton (D:4)
  7 giant cockroaches
  8 hobgoblins
  11 kobolds
  3 quokkas
  16 bats
  4 giant newts
  8 goblins
  13 jackals
  17 rats
154 creatures vanquished.

Notes
Turn   | Place    | Note
--------------------------------------------------------------
     0 | D:1      | namelastname112, the Draconian Hunter, began the quest for the Orb.
     0 | D:1      | Reached XP level 1. HP: 17/17 MP: 1/1
   267 | D:1      | Reached XP level 2. HP: 2/24 MP: 2/2
   545 | D:1      | Reached skill level 4 in Crossbows
  1023 | D:2      | Reached XP level 3. HP: 25/30 MP: 3/3
  1679 | D:2      | Reached XP level 4. HP: 32/37 MP: 4/4
  2777 | D:3      | Reached skill level 5 in Crossbows
  2777 | D:3      | Reached XP level 5. HP: 24/44 MP: 5/5
  3435 | D:4      | Got a smoking rapier
  3436 | D:4      | Identified the +3 rapier of Jephelec {freeze, rElec} (You found it on level 4 of the Dungeon)
  3468 | D:4      | Found an ancient bone altar of Kikubaaqudgha.
  3491 | D:4      | Noticed namelastname112's ghost (average DrHu)
  3520 | D:5      | Entered Level 5 of the Dungeon
  3542 | D:5      | Reached XP level 6. HP: 20/51 MP: 6/6
  3944 | D:5      | Found Axkusom's Weapon Shoppe.
  4000 | D:5      | Noticed Viceroy's ghost (experienced HaHu)
  4323 | D:4      | Found a staircase to the Ecumenical Temple.
  4373 | D:5      | Noticed a sky beast
  4407 | D:5      | Killed a sky beast
  4407 | D:5      | Reached skill level 6 in Crossbows
  4414 | D:5      | Gained mutation: You have a pair of small horns on your head. [mutagenic meat]
  4415 | D:5      | Lost mutation: You have a pair of small horns on your head. [mutagenic meat]
  4416 | D:5      | Gained mutation: You are clumsy. (Dex -2) [mutagenic meat]
  4417 | D:5      | Gained mutation: Your magical capacity is low (-10% MP). [mutagenic meat]
  4532 | D:5      | Found a sacrificial altar of Ru.
  4552 | D:5      | Your scales start taking on a weird mottled colour.
  4552 | D:5      | Reached XP level 7. HP: 49/59 MP: 6/6
  4742 | Temple   | Entered the Ecumenical Temple
  5182 | D:5      | Noticed Edmund
  5195 | D:5      | Killed Edmund
  5200 | D:5      | Noticed a centaur
  5209 | D:5      | Killed a centaur
  5409 | D:6      | Noticed a troll
  5420 | D:6      | Killed a troll
  5420 | D:6      | Reached skill level 5 in Fighting
  5420 | D:6      | Reached skill level 7 in Crossbows
  5420 | D:6      | Reached XP level 8. HP: 21/68 MP: 7/7
  5921 | D:6      | Found a blossoming altar of Fedhas.
  5990 | D:6      | Found an iron altar of Okawaru.
  5997 | D:6      | Became a worshipper of Warmaster Okawaru
  6096 | D:6      | Reached skill level 5 in Dodging
  6362 | D:6      | Reached skill level 8 in Crossbows
  6405 | D:6      | Noticed Crazy Yiuf
  6418 | D:6      | Killed Crazy Yiuf
  6578 | D:7      | Acquired Okawaru's first power
  6581 | D:7      | Reached skill level 1 in Staves
  6677 | D:7      | Noticed Joseph
  6703 | D:7      | Mangled by Joseph

Action                   |  1- 3 |  4- 6 |  7- 9 || total
-------------------------+-------+-------+-------++-------
Melee: Short sword       |   199 |   212 |       ||   411
       Rapier            |       |   141 |   148 ||   289
       Quarterstaff      |       |       |    42 ||    42
 Fire: Hand crossbow     |       |     3 |     4 ||     7
 Abil: Breathe Sticky Fl |       |       |     5 ||     5
Evoke: Wand              |       |       |     1 ||     1
  Use: Potion            |       |     4 |     2 ||     6
 Stab: Sleeping          |     3 |     6 |       ||     9
       Confused          |       |       |     2 ||     2
       Paralysed         |       |       |     2 ||     2
       Petrified         |       |       |     1 ||     1
  Eat: Chunk             |     3 |    11 |     3 ||    17
       Bread ration      |       |     1 |       ||     1
       Pizza             |       |       |     1 ||     1
       Beef jerky        |       |       |     1 ||     1
